Arrhythmia, chaotic male vampiric Convict ###)###)[###)####)[##)##########@@d# ###--------------------------------# #####|..............................|% #####%.-------|-------------..----- |# ---------- # |.| |..| | # #.........| |.| +).| .| # ###|........| |%- |..-...| )######-.)).....| |. |.-----| # ### ---------- |.- -- -- | |[-....| )## |.| -..{. -|- |.|.._.| ### |.| .....--+-.|..(.| # ### |.| -...)..|...[| # |.| |---|-------- ## |.| |....| |.| |....| |.- ------ |. --- Arrhythmia the Jail-bird Experience level: 8 Strength: 17 Dexterity: 9 Constitution: 19 Intelligence: 12 Wisdom: 12 Charisma: 9 Health: 0(87) Energy: 54(54) AC: 2 Gold: 0 Moves: 3312 Your Inventory: Armor b - an [uncursed] +0 large round shield [dwarvish roundshield] (being worn) o - an [uncursed] +0 pair of fencing gloves [leather] (being worn) A - an [uncursed] +0 dented pot (being worn) V - a [blessed] +1 elven mithril-coat (being worn) X - a cursed -4 hooded cloak [dwarvish] (being worn) Y - an [uncursed] +0 pair of hard shoes [iron] (being worn) Scrolls s - an uncursed scroll labeled KIRJE [of gold detection] t - 2 uncursed scrolls of create monster Potions w - a cursed milky potion [of sleeping] Rings n - a cursed ring of teleportation (on right hand) v - a cursed -3 ring of increase accuracy (on left hand) Wands l - an [uncursed] wand of magic missile [0:0] Tools f - a cursed bag [sack] Contents of the sack: 541 gold pieces an uncursed circular amulet [of life saving] 4 cursed [+0] crossbow bolts [of detonation] 2 uncursed [+0] runed daggers [elven] an uncursed [+0] pair of hard shoes [iron] an uncursed scroll called shudder for a moment [of teleportation] a cursed scroll labeled ANDOVA BEGARIN [of fire] an uncursed clear potion [of water] an uncursed potion of oil a cursed citrine ring [of aggravate monster] a cursed [-1] copper ring [of protection] an uncursed [+1] emerald ring [of gain strength] a cursed [-3] iron ring [of gain dexterity] a cursed [-1] moonstone ring [of adornment] an uncursed obsidian ring [of stealth] an uncursed obsidian ring [of stealth] an uncursed obsidian ring [of stealth] an uncursed plastic ring named Spiked price [of searching] a cursed -2 ring of gain wisdom an uncursed [+1] ring of gain wisdom a cursed [+2] ring of gain wisdom a cursed [-2] ring of gain wisdom an uncursed [+1] ring of increase accuracy an uncursed ring of invisibility an uncursed ring of poison resistance an uncursed ring of polymorph control an uncursed ring of shock resistance an uncursed ring of shock resistance an uncursed ring of sustain ability an uncursed ring of teleport control an uncursed ring of warning a cursed chrome wand [of probing (0:6)] a cursed iridium wand [of teleportation (0:7)] an uncursed [tallow] candle an uncursed partly used [tallow] candle an uncursed blue gem [aquamarine] an uncursed blue gem [worthless glass] 2 uncursed green gems [worthless glass] an uncursed red gem [worthless glass] an uncursed violet gem [worthless glass] 3 uncursed white gems [worthless glass] 3 uncursed yellowish brown gems [worthless glass] Spells known in the end: Name Level Category Fail Memory Your skills at the end: Fighting Skills Weapon Skills sling [Basic / Skilled] Spellcasting Skills Final Attributes: You had sinned. Hunger level was 393. Your alignment was -5 / 26. Monster difficulty range was 1 - 7. Level difficulty was 7. You were immune to poison. You were immune to level-drain. You were immune to sickness. You could teleport. You could fly. You could survive without air. You had a -3 penalty to hit. You regenerated. Your luck was zero. You are dead. Vanquished creatures: a large mimic a small mimic a leather golem 3 watchmen a wolf an iron piercer a housecat a raven a gnome mummy a snake an imp a shrieker 3 gnome lords 2 gnomish wizards a ghoul a kitten 5 dwarves 4 hill orcs a rothe 3 monkeys a gas spore 3 hobbits 2 manes a giant rat a brown mold 25 gnomes 3 Keystone Kops 2 garter snakes 7 jackals a fox 3 goblins 2 sewer rats 3 grid bugs 2 bats 3 lichens 4 newts 97 creatures vanquished. Voluntary challenges: You went without food. You used a wielded weapon 39 times. You read items or engraved 372 times. You put on armor 10 times. You never genocided any monsters. You never polymorphed an object. You never changed form. You used no wishes. You wrote Elbereth's name 178 times. You encountered 1 bones level. You never used any Sokoban shortcuts. Dungeon overview: The Dungeons of Doom: levels 1 to 3 Level 1 (Ninfa) some fountains a long staircase Level 2 an altar to Tymora Level 3 a jewelry store stairs to The Gnomish Mines The Gnomish Mines: levels 4 to 7 Level 4 stairs to The Dungeons of Doom Level 7 <- You were here a temple, a magic chest, a fountain History has recorded: On T:1 you entered the Dungeons of Doom to retrieve the Amulet of Yendor! On T:268 you advanced to experience level 2. On T:642 you reached level 2 of The Dungeons of Doom. On T:787 you advanced to experience level 3. On T:964 you received a fireproof sling of warning from Tymora. On T:1055 you reached level 3 of The Dungeons of Doom. On T:1119 you advanced to experience level 4. On T:1165 you advanced to experience level 5. On T:1824 you advanced to experience level 6. On T:1839 you reached level 1 of The Gnomish Mines. On T:2155 you reached level 2 of The Gnomish Mines. On T:2424 you advanced to experience level 7. On T:2559 you reached level 3 of The Gnomish Mines. On T:2933 you reached level 4 of The Gnomish Mines. On T:3210 you advanced to experience level 8. Latest messages: You miss the wolf. You bite the wolf. The wolf bites! The watchman thrusts her short sword. The watchman hits! [HP-14=15] You hit the wolf. You kill the wolf! The watchman thrusts her short sword. The watchman hits! [HP-9=6] You see here a wolf corpse. [HP+1=7] You scrawl "Elbereth" with your fingers onto the ground. The wolf bites! [HP-5=2] As you read the scroll, it disappears. You have found a scroll of stinking cloud! Where do you want to center the cloud? The wolf bites! You die... Final status: Goodbye Arrhythmia the Convict... You died in The Gnomish Mines on dungeon level 7 with 4783 points, and 541 pieces of gold, after 3312 moves. You were level 8 with a maximum of 87 hit points when you died.